 Dungeon Crawl Stone Soup version 0.30-a0-883-g5ad918d77d (webtiles) character file.

Game seed: 17022807504955576812

785 freidrichen the Reanimator (level 7, -2/64 HPs)
             Began as a Demonspawn Necromancer on Mar 16, 2023.
             Slain by a bullfrog (4 damage)
             ... in a sewer.
             The game lasted 00:21:07 (2988 turns).

freidrichen the Reanimator (Demonspawn Necromancer) Turns: 2988, Time: 00:21:08

Health: -2/64      AC:  4    Str: 14    XL:     7   Next: 56%
Magic:  1/11       EV: 15    Int: 19    God:
Gold:   132        SH:  0    Dex: 13    Spells: 8/12 levels left

rFire   . . .      SeeInvis .    h - +0 dagger (venom)
rCold   + . .      Faith    .    (no shield)
rNeg    . . .      Spirit   .    a - +0 robe
rPois   .          Reflect  .    (helmet unavailable)
rElec   .          Rampage  .    n - +0 cloak
rCorr   .                        c - +0 pair of gloves
Will    .....                    (no boots)
Stlth   ++                       (no amulet)
HPRegen 0.30/turn                f - +6 ring of strength
MPRegen 0.12/turn                g - ring of protection from cold

@: no status effects
A: hooves 1, horns 3
a: no special abilities


You were in a sewer.
You visited 1 branch of the dungeon, and saw 3 of its levels.
You also visited: Sewer.

You collected 132 gold pieces.

Inventory:

Hand Weapons
 e - a +0 whip
 h - a +0 dagger of venom (weapon)
Missiles
 i - 21 stones
 o - a throwing net
Armour
 a - a +0 robe (worn)
 c - a +0 pair of gloves (worn)
 n - a +0 cloak (worn)
Jewellery
 f - a +6 ring of strength (left hand)
 g - a ring of protection from cold (right hand)
 k - a +6 ring of dexterity
Scrolls
 d - 2 scrolls of identify
 l - a scroll of amnesia {unknown}
 m - 2 scrolls of noise {unknown}
 r - a scroll of immolation {unknown}
Potions
 b - a potion of magic
 j - 2 potions of might
 p - a potion of ambrosia {unknown}


   Skills:
 * Level 9.1 Fighting
 + Level 8.6 Dodging
 + Level 2.1 Stealth
 - Level 3.1 Spellcasting
 + Level 10.9 Necromancy


You had 8 spell levels left.
You knew the following spells:

 Your Spells              Type           Power      Damage    Failure   Level
a - Necrotise             Necr           100%       1d9       1%          1
b - Vampiric Draining     Necr           44%        2d9       1%          3

Your spell library contained the following spells:

 Spells                   Type           Power      Damage    Failure   Level
 Animate Dead             Necr           44%        N/A       1%          4
 Agony                    Necr           44%        N/A       4%          5
 Magic Dart               Conj           8%         1d3       16%         1
 Searing Ray              Conj           4%         2d4       22%         2
 Fulminant Prism          Conj/Hex       1%         3d5       83%         4


Dungeon Overview and Level Annotations

Branches:
Dungeon (3/15)              Sewer (1/1)

Altars:

Annotations:
D:3 Ijyb


Innate Abilities, Weirdness & Mutations

You have large cloven feet.
You have a pair of large horns on your head.


Message History

Press: ? - help, Shift-Dir - straight line, f - bullfrog
Aim: a bullfrog You draw life force from the bullfrog!
You feel life coursing into your body. The bullfrog barely misses you.
Casting: Vampiric Draining (safe; 1% risk of failure)
Confirm with . or Enter, or press ? or * to list all spells.
You don't have enough magic to cast this spell.
Casting: Vampiric Draining (safe; 1% risk of failure)
Confirm with . or Enter, or press ? or * to list all spells.
You don't have enough magic to cast this spell.
Casting: Vampiric Draining (safe; 1% risk of failure)
Confirm with . or Enter, or press ? or * to list all spells.
Aiming: Necrotise (safe; 1% risk of failure)
Press: ? - help, Shift-Dir - straight line, f/p - bullfrog
Aim: a bullfrog (moderately wounded, chance to affect: 83%)
The bullfrog writhes in agony.
The bullfrog hits you.
* * * LOW HITPOINT WARNING * * *
The bullfrog closely misses you.
Casting: Necrotise (safe; 1% risk of failure)
Confirm with . or Enter, or press ? or * to list all spells.
Aiming: Necrotise (safe; 1% risk of failure)
Press: ? - help, Shift-Dir - straight line, f/p - bullfrog
Aim: a bullfrog (moderately wounded, chance to affect: 83%)
The bullfrog writhes in agony.
The bullfrog barely misses you.
You closely miss the bullfrog. Your kick misses the bullfrog.
The bullfrog is heavily wounded.
The bullfrog hits you.
* * * LOW HITPOINT WARNING * * *
The bullfrog hits you!
* * * LOW HITPOINT WARNING * * *
The bullfrog hits you.
* * * LOW HITPOINT WARNING * * *
You hit the bullfrog.
The bullfrog is poisoned.
Your kick misses the bullfrog.
The bullfrog is severely wounded.
The bullfrog hits you.
* * * LOW HITPOINT WARNING * * *
The bullfrog attacks as you move away!
The bullfrog hits you but does no damage.
The bullfrog hits you.
You die...

#.∩.∩...~~~~~~~~~≈≈≈≈≈≈≈≈≈#
########.~~~~~~~~≈~.#######
########.~≈~.#
###################~~≈~~#
†...............~.~~~≈~~#
~†~~~~~~~~~~~~~~~~~~~≈~~#
≈≈≈≈≈≈≈≈≈≈≈≈≈≈≈≈≈≈≈≈≈≈~.#
≈≈~~≈~~~~~~~~~~~~~~~~≈~.#
~~≈≈~≈~~.......F@.~~~≈≈~#
≈≈~~≈≈≈≈≈≈≈~#######~~≈~.#
≈≈≈≈≈≈≈≈≈≈~≈≈≈# #~~≈~.#
≈~~~~≈≈≈≈≈≈~≈≈# #.~≈~.#
~~.~~~~≈≈≈≈≈≈≈≈# #.~≈~.#
~~~)~≈≈≈≈≈≈≈# #~~≈~.#
~~!$$.≈≈≈≈≈≈# #~~≈~.#
.~?!.~~≈≈≈≈≈# #~~≈~~#
~≈≈...≈≈≈≈≈≈# #~~≈~~#


You could see a bullfrog (very poisoned).

Vanquished Creatures
  A bullfrog (Sewer)
  An orc wizard (D:2)
  4 gnolls (D:2)
  5 adders
  2 dart slugs (D:2)
  2 orcs (D:2)
  6 endoplasms
  11 giant cockroaches
  8 hobgoblins
  A kobold (D:1)
  4 quokkas
  4 ball pythons
  4 bats (D:1)
  11 frilled lizards
  3 goblins
  7 rats
74 creatures vanquished.

Vanquished Creatures (collateral kills)
  A dart slug (D:2)
  A giant cockroach (Sewer)
  A goblin (D:1)
3 creatures vanquished.

Grand Total: 77 creatures vanquished

Notes
Turn   | Place    | Note
-------+----------+-------------------------------------------
     0 | D:1      | freidrichen the Demonspawn Necromancer began the quest for
                  | the Orb.
     0 | D:1      | Reached XP level 1. HP: 13/13 MP: 3/3
   217 | D:1      | Discovered your monstrous ancestry.
   217 | D:1      | Gained mutation: You have a pair of small horns on your
                  | head. [demonic ancestry]
   217 | D:1      | Reached XP level 2. HP: 19/19 MP: 1/5
   668 | D:1      | Reached skill level 5 in Necromancy
  1050 | D:2      | Reached XP level 3. HP: 24/24 MP: 2/6
  1065 | D:2      | Learned a level 3 spell: Vampiric Draining
  1311 | D:2      | Gained mutation: You have large cloven feet. [demonic
                  | ancestry]
  1311 | D:2      | Reached XP level 4. HP: 30/30 MP: 5/8
  1872 | D:2      | Reached skill level 6 in Necromancy
  2072 | D:2      | Reached XP level 5. HP: 35/35 MP: 6/9
  2396 | D:3      | Noticed Ijyb
  2537 | D:3      | Found a glowing drain.
  2556 | Sewer    | Entered a sewer
  2902 | Sewer    | Reached skill level 1 in Fighting
  2976 | Sewer    | Reached skill level 9 in Necromancy
  2976 | Sewer    | Gained mutation: You have a pair of horns on your head.
                  | [demonic ancestry]
  2976 | Sewer    | Reached XP level 6. HP: 29/53 MP: 10/10
  2978 | Sewer    | Reached skill level 10 in Necromancy
  2978 | Sewer    | Gained mutation: You have a pair of large horns on your
                  | head. [demonic ancestry]
  2978 | Sewer    | Reached XP level 7. HP: 22/64 MP: 11/11
  2987 | Sewer    | HP: 1/64 [bullfrog (5)]
  2988 | Sewer    | Slain by a bullfrog

Illustrated notes

Levels and vault maps discovered:
D:1:      evilmike_arrival_crescent, layout_loops_ring
D:2:      layout_loops_ring, grunt_ministairs_2
D:3:      layout_rooms, gup_sewer_entry_spiral, minmay_misc_feat_doors,
          chequers_serial_rivers_micro_a, uniq_ijyb
Sewer:    sewer_frog_island_01

Skill      XL: |  1  2  3  4  5  6 |
---------------+-------------------+-----
Dodging        | 2 6 8 |  8.6
Necromancy     | 5 6 9 10 | 10.9
Stealth        | 2 |  2.1
Spellcasting   | 3 |  3.1
Fighting       | 6 9 |  9.1

Action                     |  1- 3 |  4- 6 |  7- 9 || total
---------------------------+-------+-------+-------++-------
  Melee: Whip              |     8 |       |       ||     8
         Dagger            |    12 |     7 |     2 ||    21
         Headbutt          |     2 |     1 |       ||     3
         Kick              |       |     2 |       ||     2
   Cast: Necrotise         |    46 |    80 |     2 ||   128
         Vampiric Draining |       |     1 |     3 ||     4
    Use: Potion            |     1 |     2 |       ||     3
         Scroll            |       |     1 |       ||     1
 Armour: Robe              |    10 |     5 |     2 ||    17
  Dodge: Dodged            |    18 |    23 |     4 ||    45

Table legend: (Time is in decaauts)
 A = Elapsed time spent in this place.
 B = Non-inter-level travel time spent in this place.
 C = Inter-level travel time spent in this place.
 D = Time resting spent in this place.
 E = Time spent auto-exploring this place.
 F = Levels seen in this place.
 G = Mean time per level.
                   A        B        C        D        E       F      G
               +--------+--------+--------+--------+--------+-----+--------+
         Total |   3029 |   2922 |    107 |    373 |   1727 |   4 |  757.2 |
       Dungeon |   2570 |   2463 |    107 |    264 |   1507 |   3 |  856.7 |
         Sewer |    459 |    459 |      0 |    109 |    220 |   1 |  459.0 |
               +--------+--------+--------+--------+--------+-----+--------+

Top non-repeatable levels by time:
     D:2: 1257 daAuts
     D:1: 1157 daAuts
   Sewer: 459 daAuts
     D:3: 154 daAuts
